 Dungeon Crawl Stone Soup version 0.31.0-11-ge490571c62 (webtiles) character file.

Game seed: 230100581588005133

186 dialectric the Cudgeller (level 5, -3/25 HPs)
             Began as a Vine Stalker Fighter on Jan 30, 2024.
             Was a Believer of Hepliaklqana.
             Slain by an orc warrior
             ... wielding a +0 scimitar
              (10 damage)
             ... on level 4 of the Dungeon.
             The game lasted 00:03:13 (2194 turns).

dialectric the Cudgeller (Vine Stalker Fighter)     Turns: 2194, Time: 00:03:14

Health: -3/25      AC:  6    Str: 20    XL:     5   Next: 65%
Magic:  0/6        EV: 10    Int:  8    God:    Hepliaklqana [**....]
Gold:   160        SH:  0    Dex: 14    Spells: 4/4 levels left

rFire   . . .        a - +0 flail
rCold   . . .        (no shield)
rNeg    . . .        b - +0 scale mail
rPois   .            (no helmet)
rElec   .            (no cloak)
rCorr   .            (no gloves)
SInv    .            (no boots)
Will    .....        (no amulet) Stlth
                     (no ring)
HPRegen 1.04/turn    (no ring)
MPRegen 0.10/turn

%: guardian spirit
@: no status effects
A: reduced essence, fangs 2, regeneration 1, magic shield, antimagic bite, no
potion heal 2
a: Renounce Religion, Ancestor Life: Knight, Ancestor Life: Battlemage, Ancestor
Life: Hexer, Recall Ancestor, Ancestor Identity


You were on level 4 of the Dungeon.
You worshipped Hepliaklqana.
Hepliaklqana was pleased with you.
You visited 1 branch of the dungeon, and saw 4 of its levels.

You collected 160 gold pieces.

Inventory:

Hand Weapons
 a - a +0 flail (weapon)
Missiles
 h - 6 javelins (quivered)
 y - 5 poisoned darts
Armour
 b - a +0 scale mail (worn)
 c - a +0 buckler
 k - a scarf of shadows
Jewellery
 l - a ring of fire
Scrolls
 e - 2 scrolls of revelation {unknown}
 f - a scroll of amnesia {unknown}
 g - 4 scrolls of identify {unknown}
 i - 3 scrolls of fear {unknown}
 m - 3 scrolls of enchant armour {unknown}
 o - 3 scrolls of teleportation {unknown}
 u - a scroll of blinking {unknown}
 v - a scroll of enchant weapon {unknown}
 z - a scroll of vulnerability {unknown}
Potions
 d - a potion of might
 j - a potion of ambrosia {unknown}
 n - 2 potions of curing {unknown}
 p - a potion of mutation {unknown}
 q - a potion of experience {unknown}
 r - a potion of degeneration {unknown}
 s - a potion of lignification {unknown}
 t - a potion of cancellation {unknown}
 w - a potion of heal wounds {unknown}
 x - a potion of attraction {unknown}


   Skills:
 + Level 3.4 Fighting
 + Level 3.6 Maces & Flails
 + Level 3.0 Armour
 * Level 1.2 Dodging
 - Level 3.0 Shields


You had 4 spell levels left.
You didn't know any spells.
Your spell library contained the following spells:

 Spells                   Type           Power      Damage    Failure   Level
 Freeze                   Ice            0%         1d3       77%         1
 Necrotise                Necr           0%         1d4       77%         1
 Ensorcelled Hibernation  Hex/Ice        0%         N/A       88%         2
 Frozen Ramparts          Ice            0%         1d1       98%         3
 Hailstorm                Conj/Ice       0%         3d5       98%         3
 Passwall                 Erth           0%         N/A       98%         3
 Swiftness                Air            0%         N/A       98%         3
 Vampiric Draining        Necr           0%         2d6       98%         3
 Ignite Poison            Fire/Alch      0%         N/A       100%        4
 Martyr's Knell           Necr/Summ      0%         N/A       100%        4
 Sticky Flame             Fire/Alch      0%         2d4       100%        4
 Curse of Agony           Necr           0%         N/A       100%        5
 Ignition                 Fire           0%         3d3       100%        8


Dungeon Overview and Level Annotations

Branches:
Dungeon (4/15)
 Temple: D:4-7

Altars:
Ashenzari
Cheibriados
Hepliaklqana
Trog


Innate Abilities, Weirdness & Mutations

Your life essence is reduced to manifest your ancestor. (-10% HP)
You have extremely sharp teeth.
Your natural rate of healing is unusually fast.
When hurt, damage is shared between your health and your magic reserves.
Your bite disrupts and absorbs the magic of your enemies.
Potions cannot restore your health.


Message History

You swap places.
A hobgoblin comes into view. It is wielding a +0 club.
The hobgoblin shouts!
The orc warrior barely misses you.
You see here an adder corpse.
You hit the orc warrior.
You bite the orc warrior, but do no damage.
The orc warrior is lightly wounded.
The orc warrior misses you.
You closely miss the orc warrior.
The orc warrior is lightly wounded.
The orc warrior hits Edmée with a +0 scimitar!!
Edmée is destroyed!
You completely miss the orc warrior.
The orc warrior is lightly wounded.
The orc hits you but does no damage.
The orc warrior hits you but does no damage.
You hit the orc warrior but do no damage.
The orc warrior is lightly wounded.
The orc warrior closely misses you. The orc closely misses you.
You closely miss the orc warrior. You bite the orc warrior.
You drain its power.
The orc warrior is lightly wounded.
The orc wizard gestures wildly while chanting.
The orc wizard flickers and vanishes!
Deactivating autopickup; reactivate with Ctrl-A.
The orc warrior hits you with a +0 scimitar.
The orc hits you with a +0 hand axe. The orc attacks as it pursues you!
The orc closely misses you. The orc attacks as it pursues you!
The orc hits you with a +0 hand axe.
The orc warrior hits you with a +0 scimitar!
The orc warrior attacks as it pursues you!
The orc warrior hits you but does no damage.
The orc warrior attacks as it pursues you!
The orc warrior hits you with a +0 scimitar!
Ouch! That really hurt!
* * * LOW HITPOINT WARNING * * *
The orc warrior attacks as it pursues you!
The orc warrior hits you with a +0 scimitar!
You die...

##....†##.# ..........#
###.......# #.# #$......#
#.# #######.## #.# #.g###
#.### ##..o### #.##.
###.o.####### #.##.
###.o@....########.##.
..........................
#############..#######.###
#..# #.....
###########..### #..###
.............(.# #..#
########.......# #..#
#.......####..#
#.........##..##


You could see an orc warrior, 2 orcs and a hobgoblin.

Vanquished Creatures
  2 bombardier beetles (D:4)
  3 adders
  2 ribbon worms (D:3)
  4 dart slugs
  2 orcs (D:3)
  5 bats
  7 endoplasms
  5 giant cockroaches
  3 goblins
  2 hobgoblins (D:1)
  2 jackals (D:2)
  3 quokkas
  3 ball pythons
  2 frilled lizards
  6 kobolds
  7 rats
58 creatures vanquished.

Vanquished Creatures (collateral kills)
  Jessica (D:2)
1 creature vanquished.

Vanquished Creatures (others)
  An ancestor (D:4)
1 creature vanquished.

Grand Total: 60 creatures vanquished

Notes
Turn   | Place    | Note
-------+----------+-------------------------------------------
     0 | D:1      | dialectric the Vine Stalker Fighter began the quest for the
                  | Orb.
     0 | D:1      | Reached XP level 1. HP: 11/11 MP: 2/2
    90 | D:1      | Reached XP level 2. HP: 16/16 MP: 3/3
   335 | D:1      | Reached XP level 3. HP: 20/20 MP: 4/4
   636 | D:1      | Found a faded altar of an unknown god.
   642 | D:1      | Prayed at the altar of an unknown god.
   642 | D:1      | Became a worshipper of Hepliaklqana the Forgotten
   642 | D:1      | Reached * piety under Hepliaklqana
  1442 | D:2      | Noticed Jessica
  1447 | D:2      | Reached XP level 4. HP: 13/21 MP: 2/5
  1447 | D:2      | Killed Jessica
  1631 | D:3      | Reached ** piety under Hepliaklqana
  1729 | D:3      | Identified the +1 robe of Orghac {Int-5 Dex+6}
  1919 | D:3      | Found a broken altar of Ashenzari.
  1935 | D:3      | Reached XP level 5. HP: 21/25 MP: 4/6
  2030 | D:3      | Found a bloodstained altar of Trog.
  2030 | D:3      | Found a snail-covered altar of Cheibriados.
  2097 | D:4      | Reached skill level 1 in Dodging
  2175 | D:4      | Noticed an orc warrior
  2194 | D:4      | Slain by an orc warrior

Illustrated notes

Levels and vault maps discovered:
D:1:      dpeg_arrival_rooms_with_view, layout_rooms,
          shapermc_ecumenical_altar_hornbeckon
D:2:      minmay_door_path, layout_basic, minmay_misc_feat_x, uniq_jessica
D:3:      layout_rooms, mainiacjoe_overflow_catwalk,
          gammafunk_temple_overflow_pools
D:4:      layout_basic, nicolae_nh_ransacked_shop, uniq_sigmund, uniq_pikel

Skill      XL: |  1  2  3  4  5 |
---------------+----------------+-----
Maces & Flails | 2 3 |  3.6
Fighting       | 3 |  3.4
Shields        | 3 |  3.0
Dodging        | 1 |  1.2
Armour         | 3 |  3.0

Action                     |  1- 3 |  4- 6 || total
---------------------------+-------+-------++-------
  Melee: Flail             |    94 |    46 ||   140
         Bite              |    15 |    14 ||    29
         Punch             |       |     1 ||     1
  Throw: Javelin           |       |     1 ||     1
 Armour: Scale mail        |    81 |    30 ||   111
  Dodge: Dodged            |    59 |    15 ||    74
  Block: Buckler           |     1 |       ||     1
